 Dungeon Sprint DCSS version 0.31-a0-986-g5e6e4ef867 (webtiles) character file.

Game seed: 6148928389011971554

5398 Danienth the Carver (level 10, -5/111 HPs)
             Began as a Troll Fighter on Nov 7, 2023.
             Was a High Priest of Okawaru.
             Slain by a deep elf knight
             ... wielding a +0 long sword
              (9 damage)
             ... in the Dungeon (Sprint V: "Ziggurat Sprint").
             The game lasted 00:09:14 (339 turns).

Danienth the Carver (Troll Fighter)                  Turns: 339, Time: 00:09:15

Health: -5/111     AC:  5    Str: 26    XL:     10   Next: 40%
Magic:  9/9        EV:  5    Int:  6    God:    Okawaru [*****.]
Gold:   0          SH: 37    Dex: 23    Spells: 9/9 levels left

rFire   . . .        D - +11 Singing Sword {sonic wave}
rCold   . . .        j - +18 shield of the Gong {Loud rN+ Will+ rCorr EV-5}
rNeg    + . .        B - +0 troll leather armour
rPois   .            (helmet restricted)
rElec   .            (no cloak)
rCorr   +            (gloves unavailable)
SInv    .            (boots unavailable)
Will    +....        H - amulet of reflection
Stlth   ++           t - +6 ring of dexterity
HPRegen 1.98/turn    u - +6 ring of dexterity
MPRegen 0.11/turn

%: no teleportation, reflection
@: lethally poisoned (-5 -> -5)
A: large, unfitting armour, claws 3, regeneration 1, shaggy fur 1, tough skin 1
a: Renounce Religion, Heroism, Finesse


You were in the Dungeon.
You worshipped Okawaru.
Okawaru was extremely pleased with you.
You visited 1 branch

Inventory:

Hand Weapons
 D - the +11 Singing Sword (weapon) {sonic wave}
   (You found it in the Dungeon)
 G - the +12 glaive of Prune {freeze, Prune}
   (You found it in the Dungeon)

   Prune:     It halves damage taken while paralysed, petrified or unconscious.
Armour
 a - a +0 robe
 b - a +0 kite shield
 j - the +18 shield of the Gong (worn) {Loud rN+ Will+ rCorr EV-5}
   (You found it in the Dungeon)

   Loud:      It is deafeningly noisy when blocking attacks.
   EV-5:      It affects your evasion (-5).
   rN+:       It protects you from negative energy.
   Will+:     It increases your willpower.
   rCorr:     It protects you from acid and corrosion.
 B - a +0 troll leather armour (worn)
 C - +5 gold dragon scales
Jewellery
 s - a ring of flight
 t - a +6 ring of dexterity (left claw)
 u - a +6 ring of dexterity (right claw)
 v - a +6 ring of intelligence
 w - a +6 ring of intelligence
 x - a +6 ring of strength
 y - a +6 ring of strength
 E - a ring of ice
 F - the ring "Riepepnu" {rF+ rCorr Str+6 Dex-5}
   (You found it in the Dungeon)

   [ring of strength]

   Str+6:     It affects your strength (+6).
   Dex-5:     It affects your dexterity (-5).
   rF+:       It protects you from fire.
   rCorr:     It protects you from acid and corrosion.
 H - an amulet of reflection (around neck)
Wands
 z - a wand of mindburst (10)
 A - a wand of iceblast (5) (quivered)
Scrolls
 i - 4 scrolls of blinking
 o - 4 scrolls of amnesia
 p - 7 scrolls of fog
 q - 5 scrolls of identify
 r - 2 scrolls of fear
Potions
 c - 6 potions of might
 d - 10 potions of curing
 e - 9 potions of heal wounds
 f - 6 potions of haste
 g - 7 potions of magic
 h - 3 potions of berserk rage
 k - 2 potions of brilliance
 l - 2 potions of invisibility
 m - 4 potions of resistance
 n - a potion of experience


   Skills:
 + Level 10.6 Fighting
 * Level 13.0 Long Blades
 + Level 3.2 Armour
 - Level 2.4 Dodging
 + Level 12.9 Shields
 - Level 2.0 Unarmed Combat
 + Level 4.5 Evocations


You had 9 spell levels left.
You didn't know any spells.
Your spell library contained the following spells:

 Spells                   Type           Power      Damage    Failure   Level
 Shock                    Conj/Air       0%         1d3       65%         1
 Swiftness                Air            0%         N/A       95%         3
 Airstrike                Air            0%         2d(0-16)  100%        4
 Passage of Golubria      Tloc           0%         N/A       100%        4
 Petrify                  Tmut/Erth      0%         N/A       100%        4
 Alistair's Intoxication  Tmut/Pois      0%         N/A       100%        5
 Silence                  Hex/Air        0%         N/A       100%        5
 Yara's Violent Unravell  Hex/Tmut       0%         3d3       100%        5
 Lehudib's Crystal Spear  Conj/Erth      0%         10d2      100%        8
 Simulacrum               Ice/Necr       Unusable   N/A       N/A         6

Dungeon Overview and Level Annotations

Branches:
Dungeon (1/1)

Altars:
Ashenzari
Cheibriados
Dithmenos
Elyvilon
Fedhas
Gozag
Hepliaklqana
Kikubaaqudgha
Makhleb
Nemelex Xobeh
Okawaru
Qazlal
Ru
Sif Muna
Trog
Uskayaw
Vehumet
Wu Jian
Xom
Yredelemnul
Zin
The Shining One
Jiyva
Lugonu

Annotations:
D 1 transporter


Innate Abilities, Weirdness & Mutations

You are too large for most types of armour.
You have claws for hands.
Your natural rate of healing is unusually fast.
You are covered in fur. (AC +1)
You have tough skin. (AC +1)


Message History

PANG!
Your Long Blades skill gained 2 levels and is now at level 12!
Your Armour skill increases to level 3!
Your Shields skill increases to level 12!
Your Evocations skill increases to level 4!
You have reached level 10!
You feel much better.
You feel very sick. You block something's attack.
PANG!
Something hits you!
You slice something!! Okawaru is honoured by your kill.
Reactivating autopickup.
You feel a bit more experienced.
You feel very sick. You block something's attack.
GONNNNG!
Deactivating autopickup; reactivate with Ctrl-A.
Your Long Blades skill increases to level 13!
You start resting.
You feel very sick. You block something's attack.
PANG!
Something hits you!
Found a transporter.
You feel very sick.
You hear some strange, mumbled words.
A shard of ice appears from out of thin air!
The shard of ice hits you!!
* * * LOW HITPOINT WARNING * * *
You see here a +6 heavy scimitar.
You feel sick. Something hits you!
* * * LOW HITPOINT WARNING * * *
Something hits you!
* * * LOW HITPOINT WARNING * * *
Things that are here:
a +0 long sword of electrocution; a +2 hand axe of venom You closely miss something.
You feel sick. Something hits you!
You die...

▓▓▓▓▓▓▓▓▓▓▓▓▓▓▓▓▓▓▓
▓..8©8..▓ ▓..)|/..▓
▓..:))..▓ ▓.......▓
▓.......▓ ▓.......▓
▓.......▓ ▓.▓)@{▓.▓
▓..)©...▓ ▓▓▓▓▓▓▓▓▓


There were no monsters in sight!

Vanquished Creatures
  3 dancing weapons (D)
  2 two-headed ogres (D)
  A deep elf knight (D)
  A deep elf pyromancer (D)
  2 trolls (D)
  5 air elementals (D)
  A golden eye (D)
  2 hell hounds (D)
  2 orc wizards (D)
  An orc (D)
  An endoplasm (D)
  A giant cockroach zombie (D)
  A jackal skeleton (D)
23 creatures vanquished.

Notes
Turn   | Place    | Note
-------+----------+-------------------------------------------
     0 | D        | Danienth the Troll Fighter began the quest for the Orb.
     0 | D        | Reached XP level 1. HP: 22/22 MP: 0/0
     0 | D        | Found a blossoming altar of Fedhas.
     0 | D        | Found the +6 Majin-Bo {spellvamp, MP+6 Int+6}
     0 | D        | Found the +27 heavy crossbow "Sniper" {heavy, Acc+∞ SInv}
     0 | D        | Found the +10 dark maul {heavy}
     0 | D        | Found the +15 Maxwell's patent armour {-Cast -Tele rElec
                  | Will+ rCorr}
     0 | D        | Found the +18 shield of the Gong {Loud rN+ Will+ rCorr
                  | EV-5}
     0 | D        | Found the +16 obsidian axe {drain, demonic, Mesm Drain Fly
                  | SInv}
     0 | D        | Found the +7 great mace "Firestarter" {flame, immolate,
                  | rFlCloud rF++}
     0 | D        | Found the +6 shillelagh "Devastator" {shatter}
     0 | D        | Found the +11 plutonium sword {Contam Stlth-}
     0 | D        | Found the +8 lance "Wyrmbane" {slay drac, rPois rF+ rC+
                  | AC+3}
     0 | D        | Found the +9 sword of Zonguldrok {reap}
     0 | D        | Found the +13 scythe of Curses {drain, curses, Drain}
     0 | D        | Found the +9 sword of Power {lifebolt}
     0 | D        | Found the +7 mace of Variability {chaos, chaos arc}
     0 | D        | Found the +11 Singing Sword {sonic wave}
     0 | D        | Found the +8 storm bow {elec, penet}
     1 | D        | Found a viscous altar of Jiyva.
     1 | D        | Found a hazy altar of Hepliaklqana.
     1 | D        | Found a transporter.
     1 | D        | Found an opulent altar of Gozag.
     1 | D        | Found an ancient bone altar of Kikubaaqudgha.
     1 | D        | Found a corrupted altar of Lugonu.
     7 | D        | Found a burning altar of Makhleb.
     8 | D        | Found a sparkling altar of Nemelex Xobeh.
     8 | D        | Found an iron altar of Okawaru.
     8 | D        | Found a stormy altar of Qazlal.
     8 | D        | Found a sacrificial altar of Ru.
    30 | D        | Found a bloodstained altar of Trog.
    30 | D        | Found a shimmering blue altar of Sif Muna.
    44 | D        | Became a worshipper of Warmaster Okawaru
   124 | D        | Entered arena 2.
   124 | D        | Noticed a golden eye
   124 | D        | Found a transporter.
   125 | D        | Killed a golden eye
   125 | D        | Reached * piety under Okawaru
   126 | D        | Reached skill level 5 in Fighting
   126 | D        | Reached skill level 4 in Long Blades
   126 | D        | Reached XP level 2. HP: 35/35 MP: 1/1
   126 | D        | Reached XP level 3. HP: 42/42 MP: 2/2
   126 | D        | Reached XP level 4. HP: 50/50 MP: 3/3
   126 | D        | Reached XP level 5. HP: 57/57 MP: 4/4
   135 | D        | Entered arena 3.
   135 | D        | Found a transporter.
   153 | D        | Got the ring "Riepepnu" {rF+ rCorr Str+6 Dex-5}
   157 | D        | Entered arena 4.
   157 | D        | Noticed a troll
   157 | D        | Noticed a two-headed ogre
   157 | D        | Noticed a troll
   157 | D        | Noticed a two-headed ogre
   157 | D        | Found a transporter.
   160 | D        | Killed a two-headed ogre
   160 | D        | Reached ** piety under Okawaru
   160 | D        | Reached *** piety under Okawaru
   161 | D        | Reached skill level 7 in Long Blades
   161 | D        | Reached skill level 1 in Evocations
   161 | D        | Reached XP level 6. HP: 72/72 MP: 5/5
   161 | D        | Reached XP level 7. HP: 80/80 MP: 6/6
   161 | D        | Killed a troll
   162 | D        | Reached skill level 8 in Long Blades
   165 | D        | Killed a two-headed ogre
   165 | D        | Reached **** piety under Okawaru
   166 | D        | Reached skill level 9 in Long Blades
   166 | D        | Reached skill level 1 in Armour
   166 | D        | Reached skill level 10 in Shields
   166 | D        | Reached XP level 8. HP: 7/92 MP: 7/7
   166 | D        | Killed a troll
   248 | D        | Entered arena 5.
   248 | D        | Found the +12 glaive of Prune {freeze, Prune}
   248 | D        | Found a transporter.
   263 | D        | Got the Compilation of Snowy Vicissitude
   269 | D        | Entered arena 6.
   269 | D        | Noticed an air elemental
   269 | D        | Noticed an air elemental
   269 | D        | Noticed an air elemental
   269 | D        | Noticed an air elemental
   269 | D        | Noticed an air elemental
   269 | D        | Found a transporter.
   270 | D        | Paralysed by an air elemental for 1 turns
   271 | D        | Killed an air elemental
   272 | D        | Reached skill level 10 in Long Blades
   272 | D        | Reached XP level 9. HP: 42/100 MP: 8/8
   272 | D        | Reached ***** piety under Okawaru
   273 | D        | Paralysed by an air elemental for 1 turns
   275 | D        | Reached skill level 10 in Fighting
   326 | D        | Entered arena 7.
   326 | D        | Noticed a +6 heavy scimitar
   326 | D        | Noticed a deep elf pyromancer
   326 | D        | Noticed a +3 mace of draining
   326 | D        | Noticed a +2 hand axe of venom
   326 | D        | Noticed a deep elf knight
   326 | D        | Noticed a deep elf knight
   333 | D        | Killed a +6 heavy scimitar
   333 | D        | Killed a +2 hand axe of venom
   333 | D        | Received a gift from Okawaru
   333 | D        | Killed a deep elf pyromancer
   333 | D        | Killed a +3 mace of draining
   334 | D        | Reached skill level 12 in Long Blades
   334 | D        | Reached XP level 10. HP: 56/111 MP: 9/9
   335 | D        | Killed a deep elf knight
   336 | D        | Reached skill level 13 in Long Blades
   337 | D        | Found a transporter.
   338 | D        | HP: 4/111 [something (15)]
   339 | D        | Slain by a deep elf knight

Illustrated notes

Levels and vault maps discovered:
D:        sprint_v [room_start, room_1, room_2, room_3, room_4, room_5, room_6,
          room_7, room_8, room_9, room_10, room_11, room_12, room_13, room_14,
          room_15, room_16, room_17, room_18, room_19, room_20, room_21,
          room_22, room_23, room_24, room_25, room_26, room_27]

Skill      XL: |  1  2  3  4  5  6  7  8  9 10 |
---------------+-------------------------------+-----
Fighting       | 5 8 9 10 | 10.6
Long Blades    | 4 7 9 10 12 13 | 13.0
Shields        | 6 9 10 11 12 | 12.9
Evocations     | 1 2 3 4 |  4.5
Armour         | 1 3 |  3.2
Dodging        | |  2.4
Unarmed Combat | |  2.0

Action                     |  1- 3 |  4- 6 |  7- 9 | 10-12 || total
---------------------------+-------+-------+-------+-------++-------
  Melee: Double sword      |       |     9 |    17 |     2 ||    28
  Evoke: Wand              |     1 |     3 |    10 |       ||    14
    Use: Potion            |       |       |       |     1 ||     1
 Armour: Gold dragon scale |       |     5 |     9 |       ||    14
         Troll leather arm |       |       |    23 |     6 ||    29
  Dodge: Dodged            |       |       |     3 |       ||     3
  Block: Kite shield       |       |    16 |    44 |     3 ||    63
         Reflection        |       |       |     2 |       ||     2

Table legend: (Time is in decaauts)
 A = Elapsed time spent in this place.
 B = Non-inter-level travel time spent in this place.
 C = Inter-level travel time spent in this place.
 D = Time resting spent in this place.
 E = Time spent auto-exploring this place.
 F = Levels seen in this place.
 G = Mean time per level.
                   A        B        C        D        E       F      G
               +--------+--------+--------+--------+--------+-----+--------+
         Total |    342 |    242 |    100 |     61 |     54 |   1 |  342.0 |
       Dungeon |    342 |    242 |    100 |     61 |     54 |   1 |  342.0 |
               +--------+--------+--------+--------+--------+-----+--------+

Top non-repeatable levels by time:
       D: 342 daAuts
